 Dungeon Crawl Stone Soup version 0.29.1-4-g47bece8355 (webtiles) character file.

Game seed: 17022196222151722201

233 Gabide the Grave Robber (level 5, -1/40 HPs)
             Began as a Mummy Necromancer on Dec 3, 2022.
             Slain by Pargi (3 damage)
             ... on level 4 of the Dungeon.
             The game lasted 00:06:51 (3860 turns).

Gabide the Grave Robber (Mummy Necromancer)         Turns: 3860, Time: 00:06:51

Health: -1/40      AC:  2    Str: 11    XL:     5   Next: 75%
Magic:  2/9        EV: 12    Int: 23    God:
Gold:   170        SH:  0    Dex: 12    Spells: 6/10 levels left

rFire   x . .      SeeInvis .     - Unarmed
rCold   + + .      Faith    .   (no shield)
rNeg    + + +      Spirit   .   j - +0 robe
rPois   ∞          Reflect  .   (no helmet)
rElec   .          Harm     .   (no cloak)
rCorr   .          Rampage  .   (no gloves)
Will    .....                   (no boots)
Stlth   ++........              (no amulet)
HPRegen 0.13/turn               c - +6 ring of intelligence
MPRegen 0.11/turn               f - ring of protection from cold

@: no status effects
A: cold resistance 1, negative energy resistance 3, torment resistance 2, heat
vulnerability 1, in touch with death 1, no potions
a: no special abilities


You were on level 4 of the Dungeon.
You visited 1 branch of the dungeon, and saw 4 of its levels.

You collected 170 gold pieces.

Inventory:

Hand Weapons
 a - a +0 sling
Missiles
 n - 6 atropa-tipped darts
Armour
 j - a +0 robe (worn)
Magical Staves
 g - a staff of conjuration
 m - a staff of poison
Jewellery
 c - a +6 ring of intelligence (left hand)
 f - a ring of protection from cold (right hand)
Scrolls
 d - 2 scrolls of identify
 e - 3 scrolls of immolation
 h - a scroll of teleportation
 i - a scroll of amnesia {unknown}
 k - a scroll of enchant weapon {unknown}
 l - 2 scrolls of noise {unknown}


   Skills:
 + Level 2.9 Fighting
 + Level 2.7 Dodging
 - Level 2.0 Stealth
 + Level 2.7 Unarmed Combat
 - Level 3.0 Spellcasting
 - Level 4.0 Necromancy


You had 6 spell levels left.
You knew the following spells:

 Your Spells              Type           Power      Damage    Failure   Level
a - Necrotise             Necr           100%       1d9       2%          1
b - Vampiric Draining     Necr           32%        2d8       7%          3

Your spell library contained the following spells:

 Spells                   Type           Power      Damage    Failure   Level
 Animate Dead             Necr           32%        N/A       22%         4
 Agony                    Necr           32%        N/A       52%         5


Dungeon Overview and Level Annotations

Branches:
Dungeon (4/15)
 Temple: D:4-7

Altars:
Wu Jian

Annotations:
D:4 Pargi


Innate Abilities, Weirdness & Mutations

You are immune to poison.
Your flesh is cold resistant. (rC+)
You are immune to negative energy. (rN+++)
You are immune to unholy pain and torment.
You are vulnerable to heat. (rF-)
You are in touch with the powers of death.
You do not drink.


Message History

You feel a surge of power!
You draw life force from Pargi!
You feel life coursing into your body. Pargi closely misses you.
Pargi claws you. Pargi barely misses you. Pargi attacks as you move away!
Pargi bites you. Pargi claws you. x2
Pargi attacks as you move away! Pargi completely misses you. Pargi claws you.
Pargi closely misses you.
As you read the scroll labelled QUITAWN SOEQE, it crumbles to dust.
You hear the tinkle of a tiny bell.
It was a scroll of butterflies.
Pargi barely misses you. Pargi claws you. x2
You swap places.
Pargi closely misses your butterfly. Pargi claws your butterfly.
Your butterfly dies!
Your butterfly disappears in a burst of colours!
Pargi looks very sad for a moment.
Pargi closely misses your butterfly. Pargi claws your butterfly.
Your butterfly dies!
Your butterfly disappears in a burst of colours!
Pargi attacks as you move away! Pargi bites you. Pargi barely misses you. x2
Pargi attacks as you move away! Pargi barely misses you.
Pargi claws you but does no damage. x2
Pargi attacks as you move away! Pargi misses you. Pargi claws you.
Pargi claws you but does no damage. Pargi bites you. Pargi claws you.
* * * LOW HITPOINT WARNING * * *
Pargi claws you.
* * * LOW HITPOINT WARNING * * *
You swap places.
Pargi looks around nervously.
You swap places.
Pargi bites your butterfly.
Your butterfly dies!
Your butterfly disappears in a burst of colours!
Unknown command.
Pargi misses your butterfly. Pargi claws your butterfly.
Your butterfly dies!
Your butterfly disappears in a burst of colours!
You swap places.
Pargi attacks as you move away! Pargi bites you!
* * * LOW HITPOINT WARNING * * *
Pargi claws you.
You die...

###.###.##
##.........
#.......... #..b.#
####....###
#.####.b..bb...#
#......b....b..#
######..Tb.....#..
##.b@.bbb###.#
##.#b....b###.#
#.###..bb.....#
##.#..b....#..##..
##.#..........?.(
###.#....<.....)
#.####?#..## ##.##
#.#..# #
##...###.#..#


You could see Pargi (ally target).

Vanquished Creatures
  An ice beast (D:4)
  A hound (D:4)
  3 adders
  A worm (D:2)
  3 orcs
  5 endoplasms
  2 giant cockroaches
  8 goblins
  5 hobgoblins
  2 jackals (D:3)
  5 kobolds
  5 quokkas
  2 ball pythons (D:1)
  4 bats
  4 frilled lizards
  18 rats
69 creatures vanquished.

Vanquished Creatures (collateral kills)
  An orc (D:3)
  2 endoplasms
  5 rats
8 creatures vanquished.

Grand Total: 77 creatures vanquished

Notes
Turn   | Place    | Note
-------+----------+-------------------------------------------
     0 | D:1      | Gabide the Mummy Necromancer began the quest for the Orb.
     0 | D:1      | Reached XP level 1. HP: 13/13 MP: 4/4
   317 | D:1      | Reached XP level 2. HP: 9/20 MP: 0/5
   648 | D:1      | Reached skill level 1 in Fighting
   830 | D:1      | Reached skill level 1 in Unarmed Combat
  1160 | D:2      | Gained mutation: You are in touch with the powers of death.
                  | [Mummy growth]
  1160 | D:2      | Reached XP level 3. HP: 20/26 MP: 0/7
  2064 | D:3      | Reached XP level 4. HP: 33/33 MP: 3/8
  3264 | D:4      | Learned a level 3 spell: Vampiric Draining
  3335 | D:4      | Found an ornate altar of the Wu Jian Council.
  3341 | D:4      | Noticed Pargi
  3582 | D:4      | Reached XP level 5. HP: 39/39 MP: 7/9
  3622 | D:4      | Noticed an ice beast
  3633 | D:4      | Killed an ice beast
  3860 | D:4      | HP: 2/40 [Pargi (7)]
  3860 | D:4      | Slain by Pargi

Illustrated notes

Levels and vault maps discovered:
D:1:      tarquinn_simple_flora_water_e, layout_loops_ring
D:2:      layout_loops_ring, st_stairs_2, hangedman_abyss_or_decor_stabs
D:3:      layout_loops_cross, minmay_misc_feat_room, minmay_rat_hole
D:4:      layout_loops_ring, nicolae_wu_jian_wuxing_cycle, uniq_pargi

Skill      XL: |  1  2  3  4 |
---------------+-------------+-----
Fighting       | 1 2 |  2.9
Dodging        | 2 |  2.7
Unarmed Combat | 1 2 |  2.7
Spellcasting   | 3 |  3.0
Stealth        | 2 |  2.0
Necromancy     | |  4.0

Action                   |  1- 3 |  4- 6 || total
-------------------------+-------+-------++-------
Melee: Unarmed           |    14 |     2 ||    16
 Cast: Necrotise         |    68 |    64 ||   132
       Vampiric Draining |       |     4 ||     4
  Use: Scroll            |       |     3 ||     3
Armor: Robe              |     3 |     8 ||    11
Dodge: Dodged            |    11 |    28 ||    39
